 Dungeon Crawl Stone Soup version 0.28-a0-580-ga2639ab843 (webtiles) character file.

Game seed: 15127965892328991680

637 timneilson the Covered (level 7, -8/44 HPs)
             Began as a Gargoyle Fighter on Oct 2, 2021.
             Was an Initiate of Okawaru.
             Killed from afar by a steam dragon (12 damage)
             ... with a ball of steam
             ... on level 5 of the Dungeon.
             The game lasted 00:07:35 (3983 turns).

timneilson the Covered (Gargoyle Fighter)           Turns: 3983, Time: 00:07:35

Health: -8/44      AC: 14    Str: 21    XL:     7   Next: 50%
Magic:  7/7        EV: 10    Int:  9    God:    Okawaru [......]
Gold:   208        SH:  4    Dex:  9    Spells: 6/6 levels left

rFire   . . .      SeeInvis +   a - +0 long sword
rCold   . . .      Faith    .   c - +0 buckler
rNeg    + . .      Spirit   .   b - +0 scale mail
rPois   ∞          Reflect  .   f - +1 hat
rElec   +          Harm     .   h - +0 cloak
rCorr   .          Rampage  .   (no gloves)
Will    .....                   (no boots)
Stlth   ..........              (no amulet)
HPRegen 0.14/turn               o - ring of see invisible
MPRegen 0.10/turn               (no ring)

@: brilliant, very slightly contaminated, invisible
A: sickness immunity, AC +4, negative energy resistance 1, electricity
resistance, torment resistance 1, petrification resistance
a: Renounce Religion


You were on level 5 of the Dungeon.
You worshipped Okawaru.
Okawaru was noncommittal.
You visited 2 branches of the dungeon, and saw 6 of its levels.

You collected 208 gold pieces.

Inventory:

Hand Weapons
 a - a +0 long sword (weapon)
Armour
 b - a +0 scale mail (worn)
 c - a +0 buckler (worn)
 f - a +1 hat (worn)
 h - a +0 cloak (worn)
 k - a +0 plate armour
Jewellery
 m - a ring of ice
 o - a ring of see invisible (left hand)
Wands
 n - a wand of iceblast (9)
Scrolls
 p - a scroll of enchant armour
Potions
 i - 2 potions of flight
 j - a potion of invisibility
 l - a potion of berserk rage {unknown}


   Skills:
 + Level 4.3 Fighting
 * Level 3.8 Long Blades
 * Level 5.4 Armour
 + Level 1.9 Dodging
 * Level 5.2 Shields
 + Level 1.2 Invocations
 + Level 0.8 Evocations


You had 6 spell levels left.
You didn't know any spells.
Your spell library was empty.

Dungeon Overview and Level Annotations

Branches:
Dungeon (5/15)             Temple (1/1) D:4

Altars:
Ashenzari
Dithmenos
Gozag
Okawaru
Trog
Uskayaw
Vehumet
Wu Jian
Xom
Yredelemnul
Zin


Innate Abilities, Weirdness & Mutations

You are immune to sickness and miasma.
Your stone body is resilient. (AC +4)
You are immune to poison.
You resist negative energy. (rN+)
You are resistant to electric shocks. (rElec)
You are resistant to unholy torment.
You are immune to petrification.


Message History

You are engulfed in a cloud of scalding steam.
The steam dragon closely misses you. You block the steam dragon's attack.
The steam dragon bites you. The steam dragon closely misses you.
You slash the steam dragon!
The steam dragon is severely wounded.
The scorpion closely misses you. The steam dragon breathes steam at you.
The ball of steam hits you!
* * * LOW HITPOINT WARNING * * *
You barely miss the steam dragon.
The steam dragon is severely wounded.
You are engulfed in a cloud of scalding steam.
The scorpion misses you. You block the steam dragon's attack.
The steam dragon barely misses you.
The scorpion stings you but does no damage.
Unknown command.
It was a potion of brilliance.
You feel clever all of a sudden. The steam dragon closely misses you.
The steam dragon barely misses you.
The scorpion is engulfed in a cloud of scalding steam.
The scorpion barely misses you.
It was a potion of invisibility.
You fade into invisibility!
The scorpion stings you but does no damage.
The steam dragon barely misses you. The steam dragon misses you.
You are very lightly contaminated with residual magic.
You closely miss the steam dragon.
The steam dragon is severely wounded.
The scorpion closely misses you. The steam dragon barely misses you.
The steam dragon claws you but does no damage.
The scorpion closely misses you.
You catch the helpless steam dragon completely off-guard!
You hit the steam dragon.
The steam dragon is severely wounded.
The scorpion closely misses you.
An iguana comes into view.
The iguana hisses angrily.
The steam dragon breathes steam at you. The ball of steam hits you!
You die...

.......##.#....
..........##
....#..##.#..##....
....... ..
..#....##.#..>....#
##.##.
........#.#........
#.<...
.................#######
#<#
.#......................
#.#
.#.....†...............l
#..
#......................
.h).
.....(..........@D......
#....
.#.....#......s.........
#.....
.#.....#................
#.#...
#####.#....#...........
..#Z..
#.#....#...........
..##.###.....#.##.# #..#
#..####..# . ...## #..#
#.# .## ...#


You could see a steam dragon (catching breath), a scorpion and an iguana
(wandering).

Vanquished Creatures
  Purgy (D:3)
  An ogre (D:5)
  2 scorpions (D:5)
  A bullfrog skeleton (D:4)
  A centaur skeleton (D:4)
  An orc priest (D:4)
  Natasha (thrice) (D:2)
  A scorpion zombie (D:5)
  A howler monkey zombie (D:5)
  3 gnolls (D:4)
  5 adders
  A shadow imp (D:5)
  2 dart slugs
  A worm (D:2)
  2 orcs (D:4)
  5 ball pythons
  4 endoplasms
  2 giant cockroaches
  7 hobgoblins
  7 jackals (D:2)
  6 kobolds
  9 quokkas
  3 bats
  4 frilled lizards
  3 goblins
  A rat (D:1)
77 creatures vanquished.

Notes
Turn   | Place    | Note
-------+----------+-------------------------------------------
     0 | D:1      | timneilson the Gargoyle Fighter began the quest for the
                  | Orb.
     0 | D:1      | Reached XP level 1. HP: 14/14 MP: 1/1
    32 | D:1      | Reached XP level 2. HP: 10/19 MP: 2/2
   327 | D:1      | Found a faded altar of an unknown god.
   875 | D:2      | Noticed Natasha
   882 | D:2      | Killed Natasha
   883 | D:2      | Reached XP level 3. HP: 10/23 MP: 3/3
   896 | D:2      | Reached XP level 4. HP: 12/28 MP: 4/4
  1286 | D:2      | Noticed Natasha
  1293 | D:2      | Killed Natasha
  1294 | D:2      | Reached skill level 1 in Dodging
  1673 | D:2      | Noticed Natasha
  1676 | D:2      | Killed Natasha
  1677 | D:2      | Reached XP level 5. HP: 33/33 MP: 5/5
  2011 | D:3      | Noticed Purgy
  2028 | D:3      | Killed Purgy
  2029 | D:3      | Reached XP level 6. HP: 33/38 MP: 6/6
  2552 | D:4      | Found a staircase to the Ecumenical Temple.
  2566 | Temple   | Entered the Ecumenical Temple
  2571 | Temple   | Became a worshipper of Warmaster Okawaru
  3168 | D:4      | Reached skill level 5 in Armour
  3550 | D:5      | Entered Level 5 of the Dungeon
  3550 | D:5      | Noticed a steam dragon
  3657 | D:5      | Reached XP level 7. HP: 22/43 MP: 7/7
  3662 | D:5      | Reached skill level 5 in Shields
  3856 | D:5      | Reached skill level 1 in Invocations
  3983 | D:5      | Killed from afar by a steam dragon

Illustrated notes

Levels and vault maps discovered:
D:1:      dpeg_arrival_windows_large_door, layout_rooms,
          chequers_ecumenical_altar_twisty
D:2:      layout_rooms, uniq_natasha
D:3:      layout_loops_ring, uniq_purgy
D:4:      layout_basic, minmay_temple_entry_junction_2
D:5:      layout_rooms
Temple:   minmay_freezing_vapour_temple

Skill      XL: |  1  2  3  4  5  6  7 |
---------------+----------------------+-----
Long Blades    | 2 3 |  3.8
Armour         | 4 5 |  5.4
Dodging        | 1 |  1.9
Shields        | 4 5 |  5.2
Fighting       | 4 |  4.3
Invocations    | 1 |  1.2
Evocations     | |  0.8

Action                   |  1- 3 |  4- 6 |  7- 9 || total
-------------------------+-------+-------+-------++-------
Melee: Long sword        |    81 |   159 |    54 ||   294
  Use: Scroll            |     2 |     6 |       ||     8
       Potion            |     1 |     1 |     3 ||     5
 Stab: Invisible         |       |       |     1 ||     1
Armor: Scale mail        |    48 |    99 |    28 ||   175
Dodge: Dodged            |    49 |    72 |    39 ||   160
Block: Buckler           |    18 |    31 |    10 ||    59

Table legend: (Time is in decaauts)
 A = Elapsed time spent in this place.
 B = Non-inter-level travel time spent in this place.
 C = Inter-level travel time spent in this place.
 D = Time resting spent in this place.
 E = Time spent auto-exploring this place.
 F = Levels seen in this place.
 G = Mean time per level.
                   A        B        C        D        E       F      G
               +--------+--------+--------+--------+--------+-----+--------+
         Total |   4060 |   3913 |    147 |    499 |   2582 |   6 |  676.7 |
       Dungeon |   4044 |   3897 |    147 |    499 |   2582 |   5 |  808.8 |
        Temple |     15 |     15 |      0 |      0 |      0 |   1 |   15.0 |
               +--------+--------+--------+--------+--------+-----+--------+

Top non-repeatable levels by time:
     D:4: 1162 daAuts
     D:2: 1016 daAuts
     D:1: 896 daAuts
     D:3: 577 daAuts
     D:5: 391 daAuts
  Temple: 15 daAuts
